Map: Traitor's Exile

Players

OpuS - Winner!

  • Race: Protoss Protoss
  • League: Platinum
  • Spawn Location: 9:00

Sketchaphone - Winner!

  • Race: Zerg Zerg
  • League: Platinum
  • Spawn Location: 12:00

Probe

  • Race: Terran Terran
  • League: Silver
  • Spawn Location: 5:00

Wyvern

  • Race: Terran Terran
  • Spawn Location: 6:00

VOD

Have the link to the VOD?

Description

Time

  • Played on: Feb. 15, 2019, 7:49 p.m.
  • Length: 9:55
Show
View Real Time Build Order
Export as new Build Order

OpuS Protoss - Winner!

Build Orders:  

Get SALT Encoding   

  12  0:01  Probe  
  13  0:13  Probe  
  14  0:18  Pylon  
  14  0:25  Probe  
  15  0:36  Probe  
  15  0:40  Gateway  
  16  0:44  Probe  
  17  0:50  Assimilator  
  17  0:55  Assimilator  
  17  0:59  Probe  
  18  1:07  Probe  
  18  1:13  Gateway  
  18  1:16  Probe  
  20  1:28  Probe  
  21  1:33  Cybernetics Core  
  21  1:42  Pylon  
  21  1:48  Probe  
  22  2:00  Probe  
  23  2:11  Warp Gate  
  23  2:12  Stalker  
  23  2:13  Stalker  
  27  2:16  Probe  
  28  2:23  Pylon  
  28  2:53  Nexus  
  28  3:02  Pylon  
  28  3:10  Stalker  
  30  3:15  Stalker  
  30  3:19  Probe  
  33  3:31  Robotics Facility  
  33  3:34  Probe  
  34  3:46  Probe  
  34  3:48  Twilight Council  
  35  3:58  Pylon  
  35  3:59  Probe  
  36  4:06  Blink  
  36  4:09  Probe  
  37  4:11  Probe  
  37  4:13  Observer  
  38  4:18  Gateway  
  38  4:23  Stalker  
  41  4:30  Probe  
  42  4:33  Probe  
  43  4:43  Gateway  
  43  4:48  Probe x2  
  43  4:50  Stalker  
  47  4:56  Stalker  
  49  5:06  Probe, Forge  
  50  5:07  Probe  
  51  5:18  Probe  
  51  5:19  Probe  
  53  5:22  Stalker x2  
  56  5:35  Protoss Ground Weapons Level 1  
  56  5:38  Stalker  
  56  5:39  Probe x2  
  56  5:40  Stalker  
  62  5:55  Stalker x2  
  66  6:00  Forge  
  64  6:09  Probe x2  
  64  6:10  Stalker  
  64  6:11  Stalker  
  70  6:35  Pylon  
  70  6:37  Pylon  
  70  6:39  Pylon  
  70  6:53  Probe  
  71  6:56  Stalker  
  71  6:57  Stalker x3  
  71  6:58  Probe  
  78  7:05  Probe  
  77  7:10  Probe  
  78  7:17  Probe  
  78  7:22  Probe  
  80  7:29  Stalker x3, Probe  
  85  7:30  Stalker  
  85  7:33  Gateway  
  85  7:36  Gateway  
  77  7:39  Gateway  
  77  7:43  Gateway  
  77  7:44  Protoss Ground Armor Level 1  
  77  7:48  Robotics Bay, Assimilator  
  77  7:52  Assimilator  
  77  7:55  Pylon  
  77  8:06  Nexus  
  77  8:18  Probe x2  
  77  8:19  Stalker x2  
  81  8:20  Stalker x2  
  85  8:34  Stalker x2  
  89  8:49  Stalker x4  
  89  8:50  Stalker  
  99  9:04  Stalker  
  99  9:09  Pylon  
  101  9:11  Pylon  
  101  9:12  Pylon  
  86  9:24  Stalker x3  
  86  9:25  Stalker  
  88  9:41  Stalker  
Show
View Real Time Build Order
Export as new Build Order

Sketchaphone Zerg - Winner!

Build Orders: Hatch First 

Get SALT Encoding   

  12  0:01  Drone  
  13  0:12  Overlord  
  13  0:18  Drone  
  14  0:23  Extractor  
  14  0:24  Drone  
  15  0:37  Drone x2  
  17  0:58  Hatchery  
  17  1:03  Drone  
  17  1:05  Extractor  
  17  1:08  Drone  
  17  1:15  Drone  
  18  1:27  Spawning Pool  
  17  1:38  Drone  
  17  1:39  Drone x2  
  20  1:52  Overlord  
  20  2:02  Drone  
  21  2:14  Metabolic Boost  
  21  2:15  Queen  
  21  2:17  Queen  
  21  2:19  Zergling x2  
  26  2:25  Drone  
  26  2:27  Drone  
  28  2:34  Overlord  
  29  2:37  Zergling x2  
  29  2:40  Drone  
  30  2:49  Drone  
  32  2:51  Pneumatized Carapace, Drone  
  32  3:06  Drone x2  
  32  3:07  Drone x2  
  32  3:11  Queen  
  38  3:32  Drone  
  38  3:33  Drone  
  40  3:36  Hatchery  
  39  3:47  Zergling x2  
  39  3:48  Drone  
  41  3:51  Overlord x2  
  40  4:05  Drone  
  40  4:07  Drone  
  40  4:08  Drone  
  40  4:09  Overlord, Evolution Chamber x2  
  41  4:19  Queen  
  43  4:28  Lair  
  43  4:29  Overlord x2  
  43  4:30  Drone x2  
  43  4:31  Drone  
  46  4:38  Overlord  
  46  4:39  Overlord  
  46  4:40  Zergling x2  
  47  4:50  Overlord  
  47  4:54  Extractor  
  47  4:55  Zerg Ground Armor Level 1  
  45  5:10  Overlord  
  45  5:11  Queen  
  47  5:15  Drone  
  47  5:20  Zerg Melee Weapons Level 1  
  48  5:23  Drone x2  
  48  5:24  Drone x5  
  48  5:26  Extractor  
  48  5:27  Drone, Extractor  
  54  5:45  Zergling x18  
  63  5:54  Spire  
  63  5:55  Zergling x8  
  66  5:58  Zergling x4  
  67  6:17  Drone x2  
  69  6:21  Queen  
  69  6:22  Drone  
  69  6:23  Overlord  
  69  6:24  Overlord  
  72  6:26  Zergling x4  
  73  6:38  Zergling x10  
  78  6:53  Overlord  
  78  7:02  Zerg Ground Armor Level 2  
  72  7:20  Zerg Flyer Weapons Level 1, Mutalisk x5  
  82  7:25  Zergling x16  
  82  7:29  Overlord  
  90  7:30  Overlord  
  88  7:41  Zergling x12  
  94  7:59  Roach Warren  
  93  8:07  Drone x10, Extractor  
  101  8:18  Zergling x6  
  101  8:19  Overseer  
  90  8:23  Mutalisk x4  
  98  8:27  Mutalisk  
  98  8:32  Mutalisk  
  94  8:45  Mutalisk x2  
  90  9:03  Extractor  
  90  9:04  Mutalisk x2  
  88  9:11  Mutalisk  
  88  9:17  Mutalisk  
  85  9:18  Zergling x24  
Show
View Real Time Build Order
Export as new Build Order

Probe Terran 

Build Orders: Gas First Reaper Expand 

Get SALT Encoding   

  12  0:01  SCV  
  13  0:13  SCV  
  14  0:25  SCV  
  14  0:26  Supply Depot  
  15  0:34  Refinery  
  15  0:49  Barracks  
  15  0:51  SCV  
  16  1:03  SCV  
  17  1:15  SCV  
  18  1:36  Orbital Command  
  18  1:40  Reaper  
  19  2:06  Command Center  
  19  2:10  SCV  
  19  2:15  Barracks Reactor  
  20  2:29  SCV  
  21  2:35  Barracks  
  21  2:41  SCV  
  22  2:53  SCV  
  22  3:05  SCV  
  23  3:06  Factory  
  23  3:12  Supply Depot  
  23  3:17  Marine x2, Supply Depot  
  23  3:18  Orbital Command, SCV  
  26  3:28  Barracks Tech Lab  
  26  3:33  SCV  
  27  3:45  SCV  
  27  3:48  Marine x3  
  30  3:49  Refinery  
  30  3:54  Factory Reactor  
  31  3:57  SCV  
  32  4:03  Starport  
  33  4:10  Stimpack, SCV  
  33  4:15  Marine x2  
  35  4:18  Orbital Command  
  35  4:21  Marine  
  35  4:22  SCV  
  37  4:32  Marine  
  37  4:33  Marine  
  37  4:34  SCV  
  40  4:38  Marine  
  41  4:46  SCV  
  41  4:50  Marine  
  41  4:51  Marine  
  44  4:56  Marine  
  45  5:02  Medivac x2  
  49  5:08  Marine x2  
  51  5:14  Marine  
  51  5:18  Factory Tech Lab  
  51  5:20  Refinery  
  52  5:24  Refinery  
  52  5:26  Marine x2  
  54  5:36  Supply Depot  
  54  5:49  Supply Depot  
  54  5:50  Supply Depot  
  54  5:58  Medivac, Marine x3  
  54  5:59  Medivac  
  61  6:14  Siege Tank  
  61  6:15  Marine x3  
  67  6:33  Marine x3  
  70  6:46  Siege Tank  
  73  6:51  Marine x3  
  76  7:01  Engineering Bay  
  73  7:09  Marine x3  
  74  7:18  Siege Tank  
  76  7:27  Marine x2  
  76  7:36  SCV  
  74  7:43  Marine  
  75  7:45  Marine x2  
  75  7:49  SCV  
  78  7:56  Command Center  
  78  8:04  Marine, SCV, Siege Tank  
  77  8:07  Marine  
  78  8:13  Supply Depot  
  78  8:16  Marine  
  78  8:22  SCV  
  78  8:28  Marine  
  77  8:48  Marine x3  
  73  9:06  Marine x3  
  73  9:07  Command Center  
  66  9:23  Marine  
  66  9:24  Marine x2  
Show
View Real Time Build Order
Export as new Build Order

Wyvern Terran 

Build Orders: Mech 

Get SALT Encoding   

  12  0:01  SCV  
  13  0:13  SCV  
  14  0:18  Supply Depot  
  14  0:25  SCV  
  15  0:30  Refinery  
  15  0:40  SCV  
  16  0:46  Barracks  
  16  0:52  SCV  
  17  1:04  SCV  
  18  1:16  SCV  
  19  1:28  SCV  
  20  1:41  Orbital Command  
  20  1:44  Refinery  
  20  1:56  Command Center  
  20  2:07  SCV  
  21  2:14  Factory  
  21  2:23  Factory  
  21  2:26  SCV  
  22  2:47  SCV  
  22  2:50  Supply Depot  
  23  2:58  Factory Tech Lab  
  23  3:07  SCV  
  23  3:08  Orbital Command  
  23  3:10  Factory Tech Lab  
  24  3:16  Siege Tank  
  27  3:29  Siege Tank  
  30  3:35  SCV  
  30  3:36  SCV  
  32  3:48  Siege Tank  
  32  3:50  SCV x2  
  32  3:53  Supply Depot  
  37  4:00  Orbital Command  
  37  4:01  Cyclone  
  40  4:04  SCV  
  41  4:21  Siege Tank  
  44  4:29  SCV x2  
  46  4:41  SCV x2  
  46  4:42  Siege Tank  
  51  4:46  Supply Depot  
  51  4:47  Supply Depot  
  51  4:48  Supply Depot  
  51  4:51  Refinery x2  
  51  4:53  SCV x2  
  53  5:06  SCV  
  54  5:07  SCV  
  54  5:11  Supply Depot  
  54  5:12  Supply Depot  
  55  5:18  SCV  
  55  5:19  SCV  
  57  5:21  Barracks  
  57  5:30  SCV  
  57  5:31  Siege Tank x2  
  64  5:39  SCV  
  66  5:42  SCV  
  66  6:00  Supply Depot  
  66  6:07  Command Center  
  66  6:15  Cyclone x2  
  66  6:16  SCV x2  
  74  6:21  Supply Depot  
  74  6:22  Supply Depot  
  73  6:28  SCV  
  62  7:40  Siege Tank  
  62  7:41  Siege Tank  
  62  7:42  SCV x2  
  70  7:48  Orbital Command  
  70  7:54  SCV x2  
  72  7:58  Factory  
  72  8:00  Factory x2  
  72  8:01  Factory  
  72  8:06  SCV x2  
  74  8:18  SCV x2  
  70  8:30  SCV x2  
  72  8:42  SCV x2  
  68  9:00  Siege Tank x2  
  68  9:02  SCV x2  
  74  9:04  Hellion x4  
  76  9:14  SCV x2  
  61  9:25  Hellion x2  
  61  9:26  SCV x2  
Tags
 
Add a new tag
Caveats
  • Supply blocks, unpowered buildings, or Contaminate may cause inaccurate times.
  • Supply counts are checked every 10 seconds.